AoeStats
← bkg45

MegaRandom

507601968Analyzed
4v4 RM · 13d ago on Sep 19, 2026· 23m 53s· 8 players
Game mode
Random Map
Map size
Large (8 player)
Population
200
Speed
Normal
Resources
Standard
Victory
Conquest
Starting age
Dark Age
Ending age
Imperial Age
RankedLock teamsTeams togetherTeam positionsShared explorationLock speedFull tech treeHidden civsTurbo modeCheats
Victory
Defeat
🇨🇴 Magyars · Colombia
1320
+12
🇨🇦 Koreans · Canada
1305
+13
🇲🇽 Dravidians · Mexico
1294
+14
🇦🇷 Italians · Argentina
1257
+15
🇺🇸 Saracens · United States
1331
-17
🇺🇸 Bulgarians · United States
1245
-14
🇨🇦 Khitans · Canada
1238
-13
🇺🇸 Turks · United States
1146
-10
coke diet
10:27 Feudal Age
12:56 Scale Barding Armor
15:23 Horse Collar
21:51 Castle Age
20:54 Fletching
22:10 Loom
23:02 Bodkin Arrow
24:03 Double-Bit Axe
PkMn-
0:28 Loom
11:38 Feudal Age
13:21 Double-Bit Axe
13:17 Horse Collar
14:18 Scale Barding Armor
21:21 Castle Age
19:26 Stone Mining
20:38 Forging
20:25 Arson
22:14 Bow Saw
22:04 Fletching
22:58 Bodkin Arrow
23:08 Squires
xvadash
4:08 Loom
10:08 Feudal Age
13:25 Fletching
13:40 Padded Archer Armor
14:59 Double-Bit Axe
15:14 Horse Collar
24:23 Castle Age
TITO15
2:25 Loom
9:24 Feudal Age
9:55 Double-Bit Axe
13:51 Fletching
23:00 Castle Age
22:22 Padded Archer Armor
23:22 Crossbowman
FEMALE INCA VILLAGER
5:20 Loom
10:29 Feudal Age
11:52 Double-Bit Axe
12:29 Forging
17:26 Scale Barding Armor
Howie
2:59 Loom
12:06 Feudal Age
16:46 Scale Barding Armor
osteor10
5:57 Loom
10:43 Feudal Age
21:40 Wheelbarrow
21:20 Double-Bit Axe
bkg45
5:48 Loom
10:25 Feudal Age
11:03 Double-Bit Axe
16:22 Fletching
Connection lost

Rejoining the realm…

Still unreachable

The connection could not be restored.

Session expired

The server has moved on; the page needs a fresh start.